 Dungeon Crawl Stone Soup version 0.18-a0-1285-g60d00e1 (webtiles) character file.

136 M4edhros the Ducker (level 4, -7/23 HPs)
             Began as a Spriggan Chaos Knight on Feb 8, 2016.
             Mangled by Grinder (10 damage)
             ... while paralysed by Grinder
             ... on level 4 of the Dungeon.
             The game lasted 00:02:46 (1342 turns).

M4edhros the Ducker (Spriggan Chaos Knight)         Turns: 1342, Time: 00:02:46

Health: -7/23      AC:  4    Str: 13    XL:     4   Next: 98%
Magic:  5/5        EV:  4    Int: 14    God:    Xom [.*....]
Gold:   79         SH:  0    Dex: 15    Spells: 0 memorised, 3 levels left

rFire  . . .     SeeInvis +     a - +0 spear (chaos)
rCold  . . .     Gourm    .     b - +2 robe
rNeg   . . .     Faith    .     (shield currently unavailable)
rPois  .         Spirit   .     (helmet restricted)
rElec  .         Dismiss  .     (no cloak)
rCorr  .         Reflect  .     (gloves unavailable)
SustAt .         Harm     .     (boots unavailable)
MR     .....                    (no amulet)
Stlth  +++.......               (no ring)
                                (no ring)

@: paralysed, mighty, very quick, not resistant to hostile enchantments, fairly
stealthy
A: unfitting armour, see invisible, herbivore 3, speed 3, slow metabolism 2
a: Renounce Religion


You were on level 4 of the Dungeon.
You worshipped Xom.
You were a plaything of Xom.
You were not hungry.

You visited 1 branch of the dungeon, and saw 4 of its levels.

You collected 79 gold pieces.

Inventory:

Hand Weapons
 a - a +0 spear of chaos (weapon)
 d - a +0 dagger of protection
Missiles
 f - 31 sling bullets
Armour
 b - a +2 robe (worn)
Scrolls
 e - 2 scrolls of magic mapping {unknown}
 g - a scroll of enchant weapon {unknown}
 h - 2 scrolls of remove curse {unknown}
 i - 2 scrolls of identify {unknown}
 n - a scroll of fog {unknown}
Potions
 j - a potion of heal wounds {unknown}
 k - a potion of cancellation {unknown}
 l - a potion of magic {unknown}
Books
 m - a book of Callings

   Spells                             Type                      Level
   a - Summon Small Mammal            Summoning                    1
   b - Call Imp                       Summoning                    2
   c - Call Canine Familiar           Summoning                    3
   d - Summon Guardian Golem          Hexes/Summoning              3
   e - Summon Lightning Spire         Summoning/Air                4
   f - Summon Ice Beast               Ice/Summoning                4
Comestibles
 c - 4 bread rations


   Skills:
 - Level 2.4 Fighting
 + Level 2.3 Polearms
 + Level 5.9 Dodging
 + Level 4.8 Stealth


You had 3 spell levels left.
You didn't know any spells.

Dungeon Overview and Level Annotations

Branches:
Dungeon (4/15)
 Temple: D:4-7

Altars:
Xom

Annotations:
D:2 Sigmund
D:4 Grinder


Innate Abilities, Weirdness & Mutations

You are tiny and cannot use many weapons and most armour.
You have supernaturally acute eyesight.
You are a herbivore.
You cover ground extremely quickly.
You need consume almost no food.


Message History

You puncture Grinder!
Grinder is severely wounded.
Grinder gestures at you.
You struggle to resist.
Attack whom?
Press: ? - help, Dir - move target cursor, f/p - Grinder
Aim: Grinder (severely wounded, poisoned)
You closely miss Grinder.
Grinder is severely wounded.
Grinder gestures at you.
You suddenly lose the ability to move!
Grinder hits you!
You writhe in agony.
* * * LOW HITPOINT WARNING * * *
Grinder gestures.
Grinder blinks!
Grinder gestures at you. You resist with some effort. Grinder hits you!
You die...
Xom chuckles heartily!

# ########### .#
#.....)...#######..#...
#.##...........)...(.#
#.##.##...#.##5##...##
#.##........##@# .o.#
#.##..#...####.# o...
#.##..#...# #.# ###
#........[####.#
####...........#
##.########## ##.###
#....## #.#...##


You could see Grinder.

Vanquished Creatures
  2 orc priests
  An orc wizard (D:3)
  2 adders
  2 oozes
  A giant gecko (D:1)
  4 orcs
  A giant cockroach (D:3)
  A hobgoblin (D:1)
  3 jackals (D:3)
  2 quokkas (D:3)
  A ball python (D:3)
  2 bats
  4 goblins
  3 rats (D:3)
29 creatures vanquished.

Notes
Turn   | Place    | Note
--------------------------------------------------------------
     0 | D:1      | M4edhros the Spriggan Chaos Knight began the quest for the Orb.
     0 | D:1      | Reached XP level 1. HP: 11/11 MP: 2/2
    56 | D:1      | XOM: potion effect (invisibility)
    65 | D:1      | Reached skill level 1 in Stealth
   125 | D:1      | Reached skill level 4 in Dodging
   143 | D:1      | Reached XP level 2. HP: 10/16 MP: 3/3
   286 | D:2      | Noticed Sigmund
   420 | D:3      | XOM: confuse monster(s)
   422 | D:3      | Reached skill level 5 in Dodging
   422 | D:3      | Reached XP level 3. HP: 17/19 MP: 4/4
   461 | D:3      | Reached XP level 4. HP: 6/23 MP: 5/5
   852 | D:3      | Found a shimmering altar of Xom.
   978 | D:3      | XOM: potion effect (might)
  1319 | D:4      | XOM: cast spell 'Cause Fear'
  1328 | D:4      | Noticed Grinder
  1338 | D:4      | Paralysed by Grinder for 6 turns
  1342 | D:4      | Mangled by Grinder

Vault maps used:
D:1:      nagdon_arrival_zigzag_paths
D:2:      uniq_sigmund
D:3:      first_bread, xom_teletrap_fun
D:4:      okawaru_altar_gauntlet_db, uniq_grinder

Action                   |  1- 3 |  4- 6 || total
-------------------------+-------+-------++-------
Melee: Dagger            |    21 |       ||    21
       Spear             |    42 |    58 ||   100
  Use: Potion            |     1 |     1 ||     2
 Stab: Sleeping          |     3 |     5 ||     8
       Distracted        |     1 |       ||     1
       Confused          |       |     1 ||     1
